 Dungeon Crawl Stone Soup version 0.17-a0-2002-g92c7e20 (webtiles) character file.

15374 brucemayne the Severer (level 12, -1/103 HPs)
             Began as a Hill Orc Berserker on Oct 8, 2015.
             Was an Elder of Trog.
             Slain by a large slime creature (26 damage)
             ... on level 12 of the Dungeon.
             The game lasted 00:24:40 (4544 turns).

brucemayne the Severer (Hill Orc Berserker)         Turns: 4544, Time: 00:24:40

Health: -1/103     AC: 24    Str: 22    XL:     12   Next: 26%
Magic:  21/21      EV:  7    Int: 15    God:    Trog [****..]
Gold:   1052       SH:  0    Dex: 10    Spells: 0 memorised, 11 levels left

rFire  . . .     SeeInvis .     D - +1 battleaxe of Conversion {flame, MP+9 Int+7}
rCold  . . .     Clarity  .     y - +10 plate armour of Generosity {+Fly rPois Str-2}
rNeg   . . .     SustAt   .     (no shield)
rPois  +         Gourm    .     o - +0 helmet
rElec  .         Spirit   .     (no cloak)
rCorr  .         Warding  .     (no gloves)
rMut   .         Stasis   .     (no boots)
MR     .....                    (no amulet)
Stlth  ..........               (no ring)
                                (no ring)

@: not resistant to hostile enchantments, extremely unstealthy
A: no striking features
a: Burn Spellbooks, Berserk, Trog's Hand, Brothers in Arms, Renounce Religion,
Evoke Flight


You were on level 12 of the Dungeon.
You worshipped Trog.
Trog was greatly pleased with you.
You were not hungry.

You visited 1 branch of the dungeon, and saw 14 of its levels.
You also visited: Labyrinth and Bailey.

You collected 1052 gold pieces.

Inventory:

Hand Weapons
 r - a +0 war axe
 D - the +1 battleaxe of Conversion (weapon) {flame, MP+9 Int+7}
   (You found it in a bailey)

   It has been specially enchanted to burn those struck by it, causing extra
   injury to most foes and up to half again as much damage against particularly
   susceptible opponents.
   Big, fiery blades are also staple armaments of hydra-hunters.
   It affects your intelligence (+7).
   It affects your magic capacity (+9).
 L - a +4 dagger of chaos
Missiles
 k - 3 javelins of penetration (quivered)
 n - 24 poisoned needles
 I - 4 javelins
Armour
 o - a +0 helmet (worn)
 y - the +10 plate armour of Generosity (worn) {+Fly rPois Str-2}
   (You found it on level 6 of the Dungeon)

   It affects your strength (-2).
   It protects you from poison.
   It lets you fly.
Magical Staves
 q - an uncursed staff of energy {unknown}
Rods
 O - a +7 iron rod (10/10)
   (You found it in a labyrinth)
Jewellery
 p - the ring "Taeleko" {*Corrode rN+ MR+++ Stlth+}
   (You found it in a labyrinth)

   [ring of stealth]

   It protects you from negative energy.
   It affects your resistance to hostile enchantments.
   It may corrode your equipment when you take damage.
   It makes you more stealthy.
 t - a +6 ring of intelligence
Wands
 z - a wand of flame (26)
 B - a wand of random effects (16)
 G - a wand of frost (26)
 M - a wand of slowing (17)
 P - a wand of magic darts (6)
 Q - a wand of frost (31)
 R - a wand of frost (20)
 X - a wand of fireball (9)
Scrolls
 b - a scroll of silence {unknown}
 d - 3 scrolls of remove curse
 s - 3 scrolls of teleportation
 v - 2 scrolls of fear {unknown}
 E - a scroll of immolation {unknown}
 F - 8 scrolls of identify
 H - a scroll of recharging {unknown}
 K - a scroll of enchant armour {unknown}
Potions
 a - 2 potions of brilliance {unknown}
 e - a potion of degeneration {unknown}
 h - a potion of lignification {unknown}
 i - 2 potions of might {unknown}
 j - a potion of heal wounds {unknown}
 l - 2 potions of poison {unknown}
 m - 3 potions of curing
 u - a potion of cure mutation {unknown}
 w - a potion of magic {unknown}
 x - a potion of flight {unknown}
 C - a potion of invisibility {unknown}
 V - a potion of resistance {unknown}
Books
 N - a book of Annihilations

   Spells                             Type                      Level
   a - Poison Arrow                   Conjuration/Poison           6
   b - Chain Lightning                Conjuration/Air              8
   c - Lehudib's Crystal Spear        Conjuration/Earth            8
   d - Glaciate                       Conjuration/Ice              9
   e - Fire Storm                     Conjuration/Fire             9
   Trog disapproves of the use of such an item.
 S - a book of Death

   Spells                             Type                      Level
   a - Corpse Rot                     Necromancy                   2
   b - Sublimation of Blood           Necromancy                   2
   c - Agony                          Necromancy                   5
   d - Dispel Undead                  Necromancy                   5
   e - Excruciating Wounds            Charms/Necromancy            5
   f - Bolt of Draining               Conjuration/Necromancy       5
   Trog disapproves of the use of such an item.
Miscellaneous
 g - a plain deck of changes
 T - a legendary deck of wonders
 U - a lantern of shadows
Comestibles
 c - 8 bread rations
 f - 4 meat rations
 A - 6 fruits
 J - a beef jerky
 W - 4 chunks of flesh


   Skills:
 - Level 8.9 Fighting
 + Level 20.3 Axes
 - Level 7.7 Armour
 - Level 1.5 Dodging


You had 11 spell levels left.
You didn't know any spells.

Dungeon Overview and Level Annotations

Branches:
Dungeon (14/15)              Lair (0/8) D:11
 Temple: D:4-7          Orc: D:9-12      Vaults: D:13-14

Altars:
Fedhas
Qazlal

Annotations:
D:11 tp1's ghost, journeyman GrBe


Message History

You hit the large slime creature but do no damage.
The large slime creature is moderately wounded.
You slash the large slime creature! You burn the large slime creature.
The large slime creature is heavily wounded.
Your plate armour of Generosity prevents you from hitting the large slime creature.
The large slime creature is heavily wounded.
The large slime creature hits you!!
* * * LOW HITPOINT WARNING * * *
You are too injured to fight recklessly!
You see here a troll hide.
There is an open door here.
An ogre comes into view. It is wielding a giant club.
The ogre shouts!
There is an open door here.
You hear a distant slurping noise.
The ogre hits you with a giant club!
* * * LOW HITPOINT WARNING * * *
There is an open door here.
The large slime creature hits you!!
You die...

#...........# #........#
#########+### #........#
#####.#### #.>.# # ## ###'####
# # #. #......# . ##
###.####### #......### .
+..#.........######......'.## .
##...........#OJ@.').....#..###
. #
#...........####......##..J##.
# #.........### #...[..####..'.
# ######.#### #......# ####. #
#.# ###'#### . # #.# #.# #
####'### #.# #......#### #.##
## #......'..### #..#


You could see a large slime creature and an ogre.

Vanquished Creatures
  A minotaur (Lab)
  2 hydras (D:12)
  3 centaur warriors
  Urug (D:10)
  2 unseen horrors (D:12)
  An orc knight (Bailey)
  A hill giant (D:9)
  2 manticores (D:12)
  Psyche (D:10)
  A troll (D:12)
  A deep elf mage (D:9)
  8 slime creatures (D:12)
  5 yaks (D:11)
  2 hippogriffs (D:12)
  A steam dragon (D:11)
  A trapdoor spider (D:12)
  3 hungry ghosts
  A soldier ant (D:12)
  3 ice beasts
  8 ogres
  7 orc warriors
  2 sky beasts
  A necrophage (D:13)
  A centaur (D:10)
  A crocodile (D:12)
  2 big kobolds (D:7)
  A giant frog (D:12)
  A scorpion (D:11)
  4 wights (D:11)
  2 giant frog zombies
  15 killer bees
  3 crimson imps
  2 orc priests
  A centaur zombie (D:6)
  A jelly (D:6)
  2 iguanas
  2 hounds
  3 orc wizards
  3 centaur skeletons
  4 worker ants
  A killer bee zombie (D:11)
  A hound skeleton (D:9)
  7 gnolls (D:5)
  11 adders
  An ooze (D:2)
  2 adder zombies
  3 worms
  A giant gecko (D:4)
  21 orcs
  5 giant cockroaches
  12 goblins
  A hobgoblin (D:1)
  3 jackals (D:3)
  26 kobolds
  4 quokkas
  3 bats (D:1)
  4 giant newts
  2 quokka skeletons
  5 rats
219 creatures vanquished.

Notes
Turn   | Place    | Note
--------------------------------------------------------------
     0 | D:1      | brucemayne the Hill Orc Berserker began the quest for the Orb.
     0 | D:1      | Reached XP level 1. HP: 19/19 MP: 1/1
    70 | D:1      | Reached XP level 2. HP: 16/26 MP: 2/2
   147 | D:1      | Reached skill level 5 in Axes
   162 | D:2      | Reached XP level 3. HP: 31/31 MP: 3/3
   386 | D:1      | Acquired Trog's second power
   416 | D:2      | Reached skill level 6 in Axes
   490 | D:3      | Reached XP level 4. HP: 22/39 MP: 4/4
   676 | D:5      | Entered Level 5 of the Dungeon
   676 | D:5      | Noticed an ogre
   682 | D:5      | Killed an ogre
   682 | D:5      | Reached skill level 7 in Axes
   682 | D:5      | Reached XP level 5. HP: 20/45 MP: 5/5
   744 | D:5      | Reached skill level 8 in Axes
   945 | D:5      | Noticed an ice beast
   951 | D:5      | Reached XP level 6. HP: 32/51 MP: 6/6
   984 | D:5      | Killed an ice beast
   984 | D:5      | Reached skill level 9 in Axes
  1022 | D:5      | Found a blossoming altar of Fedhas.
  1115 | D:5      | Noticed an ogre
  1132 | D:5      | Killed an ogre
  1132 | D:5      | Reached skill level 10 in Axes
  1132 | D:5      | Reached XP level 7. HP: 23/57 MP: 7/7
  1303 | D:7      | Noticed a hungry ghost
  1318 | D:7      | Killed a hungry ghost
  1318 | D:7      | Reached skill level 11 in Axes
  1523 | D:7      | Reached skill level 12 in Axes
  1523 | D:7      | Reached XP level 8. HP: 42/64 MP: 8/8
  1558 | D:6      | Got a dazzling plate armour
  1579 | D:6      | Identified the +10 plate armour of Generosity {+Fly rPois Str-2} (You found it on level 6 of the Dungeon)
  1579 | D:6      | decent
  1632 | D:6      | Found a stormy altar of Qazlal.
  1999 | D:9      | Reached skill level 5 in Fighting
  2105 | D:9      | Reached XP level 9. HP: 43/75 MP: 9/9
  2137 | D:9      | Reached skill level 5 in Armour
  2240 | D:9      | Noticed a deep elf mage
  2260 | D:9      | Killed a deep elf mage
  2325 | D:9      | Noticed a hill giant
  2334 | D:9      | Killed a hill giant
  2335 | D:9      | Noticed a centaur warrior
  2368 | D:9      | Killed a centaur warrior
  2414 | D:9      | Found a flagged portal.
  2423 | Bailey   | Entered a bailey
  2553 | Bailey   | Reached skill level 13 in Axes
  2553 | Bailey   | Reached XP level 10. HP: 61/90 MP: 10/10
  2563 | Bailey   | Got a translucent battleaxe
  2569 | Bailey   | Identified the cursed +1 battleaxe of Conversion {flame, MP+9 Int+7} (You found it in a bailey)
  2590 | Bailey   | Noticed an orc knight
  2614 | Bailey   | Killed an orc knight
  2614 | Bailey   | Reached skill level 14 in Axes
  2628 | Bailey   | Found an iron altar of Okawaru.
  2768 | D:10     | Entered Level 10 of the Dungeon
  2768 | D:10     | Noticed Urug
  2922 | D:10     | Killed Urug
  2922 | D:10     | Reached skill level 15 in Axes
  3049 | D:11     | Noticed tp1's ghost (journeyman GrBe)
  3049 | D:11     | Acquired Trog's third power
  3054 | D:11     | Noticed a hill giant
  3054 | D:11     | Reached skill level 16 in Axes
  3091 | D:10     | Noticed Psyche
  3097 | D:10     | Killed Psyche
  3145 | D:10     | Reached XP level 11. HP: 70/95 MP: 11/11
  3269 | D:11     | Noticed a centaur warrior
  3288 | D:11     | Killed a centaur warrior
  3288 | D:11     | Reached skill level 17 in Axes
  3364 | D:11     | Found a labyrinth entrance.
  3376 | Lab      | Entered a labyrinth
  3687 | Lab      | Noticed a minotaur
  3701 | Lab      | Killed a minotaur
  3705 | Lab      | Got a shimmering copper ring
  3707 | Lab      | Identified the ring "Taeleko" {*Corrode rN+ MR+++ Stlth+} (You found it in a labyrinth)
  3739 | D:12     | Noticed a six-headed hydra
  3749 | D:12     | Killed a one-headed hydra
  3814 | D:12     | Reached skill level 18 in Axes
  3938 | D:11     | Found a staircase to the Lair.
  4226 | D:12     | Killed an unseen horror
  4226 | D:12     | Reached skill level 19 in Axes
  4262 | D:12     | Noticed a centaur warrior
  4277 | D:12     | Killed a centaur warrior
  4277 | D:12     | Reached XP level 12. HP: 49/103 MP: 12/12
  4290 | D:12     | Killed an unseen horror
  4364 | D:12     | Reached skill level 20 in Axes
  4401 | D:12     | Noticed an eight-headed hydra
  4410 | D:12     | Killed a two-headed hydra
  4544 | D:12     | Slain by a large slime creature

Vault maps used:
D:1:      dpeg_arrival_windows_large_door, minmay_vboxes
D:2:      ecumenical_altar_1
D:3:      first_bread, uniq_jessica
D:4:      grunt_ministairs_10, minmay_misc_feat_encased
D:5:      hangedman_abyss_or_decor_lesser_grid, fedhas_altar_1, uniq_duvessa
D:6:      nicolae_overflow_crystal_walls
D:7:      minmay_temple_entry_enclosed_plants, basic_altar, uniq_menkaure
D:8:      the_bakery, serial_bayou_pond_d
D:9:      enter_bailey_3
D:10:     orc_0_dummy, uniq_urug, uniq_psyche
D:11:     lair_0_dummy, lab_entry_generic
D:12:     grunt_ministairs_7
D:13:     david_vaults_1
D:14:     elyvilon_altar_3, serial_shops, shop, uniq_snorg
Lab:      labyrinth_skeletal_remains, nicolae_lab_arrow, nicolae_lab_do_over,
          nicolae_lab_starburst
Bailey:   bailey_axe_3, bailey

Action                   |  1- 3 |  4- 6 |  7- 9 | 10-12 || total
-------------------------+-------+-------+-------+-------++-------
Melee: Hand axe          |    73 |   133 |   530 |       ||   736
       Battleaxe         |       |       |       |   282 ||   282
Throw: Tomahawk          |       |       |    19 |       ||    19
       Throwing net      |       |       |     1 |       ||     1
Invok: Berserk           |     2 |     3 |     3 |     5 ||    13
       Trog's Hand       |       |     4 |     9 |     4 ||    17
Evoke: Wand              |       |       |     9 |       ||     9
  Use: Scroll            |       |       |     2 |     6 ||     8
 Stab: Held in net/web   |       |       |     1 |       ||     1
  Eat: Chunk             |     1 |     5 |    10 |    13 ||    29
       Royal jelly       |       |       |     1 |       ||     1
       Fruit             |       |       |       |     2 ||     2
